Map: Old Republic LE

Players

SpeCial

  • Race: Terran Terran
  • League: Master
  • Spawn Location: 7:00

A.I. 1 (Very Easy) - Winner!

  • Race: Zerg Zerg
  • Spawn Location: 1:00

VOD

Have the link to the VOD?

Description

Time

  • Played on: April 5, 2026, 4:10 p.m.
  • Length: 9:50
Show
View Real Time Build Order
Export as new Build Order

SpeCial Terran 

Build Orders: Reaper Expand, Hellion Banshee, Mech 

Get SALT Encoding   

  12  0:00  SCV  
  13  0:12  SCV  
  14  0:17  Supply Depot  
  14  0:24  SCV  
  15  0:38  SCV  
  15  0:40  Barracks  
  16  0:43  Refinery  
  16  0:50  SCV  
  17  1:03  SCV  
  18  1:16  SCV  
  19  1:27  Reaper  
  19  1:28  Orbital Command  
  20  1:41  Command Center  
  20  1:49  Supply Depot  
  21  1:54  SCV  
  21  1:59  Marine  
  22  2:06  SCV  
  23  2:13  Factory  
  23  2:18  SCV  
  24  2:22  Barracks Reactor  
  24  2:30  SCV  
  25  2:37  Command Center  
  25  2:42  SCV  
  26  2:52  Orbital Command  
  26  2:54  SCV  
  27  2:59  Starport  
  27  3:06  SCV  
  28  3:13  Refinery  
  28  3:14  Hellion  
  28  3:16  Hellion  
  28  3:19  SCV, Marine  
  34  3:23  SCV  
  35  3:31  SCV  
  36  3:35  SCV  
  36  3:38  Hellion  
  36  3:39  Hellion  
  41  3:43  SCV  
  41  3:46  Fusion Core  
  42  3:50  Orbital Command  
  42  3:51  SCV  
  42  3:53  Starport Tech Lab  
  42  3:55  SCV  
  44  4:02  Hellion  
  46  4:03  SCV  
  46  4:04  Hellion  
  46  4:07  SCV  
  50  4:13  Banshee  
  50  4:16  SCV x2  
  55  4:19  SCV  
  55  4:21  Supply Depot  
  56  4:26  Refinery  
  56  4:27  Refinery  
  56  4:28  SCV x2, Hellion  
  60  4:31  SCV  
  60  4:34  Supply Depot  
  60  4:38  Orbital Command  
  61  4:43  SCV x2, Hellion  
  65  4:45  Supply Depot  
  65  4:55  SCV  
  65  4:58  Battlecruiser  
  72  5:01  Hellion  
  72  5:04  Hellion  
  72  5:05  Supply Depot  
  72  5:06  SCV  
  77  5:07  SCV  
  77  5:09  Supply Depot  
  77  5:11  SCV  
  79  5:18  SCV  
  79  5:19  SCV  
  79  5:20  Factory  
  81  5:22  Factory  
  81  5:23  SCV  
  86  5:28  Hellion x2  
  86  5:30  SCV  
  86  5:31  SCV  
  86  5:35  SCV  
  90  5:42  SCV  
  90  5:43  SCV  
  90  5:47  SCV, Weapon Refit  
  96  5:50  Hellion x2  
  96  5:51  Armory  
  96  5:53  Refinery  
  96  5:54  Refinery, SCV  
  96  5:55  SCV  
  98  5:57  Supply Depot  
  98  6:09  Factory Tech Lab  
  98  6:10  Factory Tech Lab  
  98  6:12  SCV x3  
  101  6:19  Battlecruiser  
  101  6:21  Supply Depot  
  101  6:24  SCV  
  108  6:25  SCV  
  108  6:26  Supply Depot  
  109  6:36  SCV, Siege Tank  
  109  6:37  Hellion x2  
  117  6:42  SCV, Siege Tank  
  117  6:43  Factory  
  117  6:44  Supply Depot  
  117  6:45  Factory  
  121  6:49  Terran Vehicle Weapons Level 1, Supply Depot  
  121  6:50  SCV x2  
  123  6:54  SCV  
  123  6:58  Hellion x2  
  128  7:02  SCV  
  128  7:03  SCV, Engineering Bay  
  128  7:06  SCV  
  131  7:13  Engineering Bay, Cyclone  
  131  7:14  Cyclone  
  137  7:17  Supply Depot  
  137  7:19  Hellion x2  
  143  7:28  Factory Tech Lab, Factory Reactor  
  141  7:30  Battlecruiser  
  147  7:41  Hellion x2  
  147  7:43  Missile Turret x2  
  147  7:44  Missile Turret  
  151  7:45  Cyclone  
  151  7:46  Siege Tank  
  151  7:49  Siege Tank  
  151  7:50  Missile Turret  
  160  8:02  Hellion  
  160  8:03  Command Center  
  160  8:04  Orbital Command  
  160  8:05  Supply Depot  
  162  8:09  Hellion x2  
  162  8:10  Hellion  
  168  8:15  Infernal Pre-Igniter  
  168  8:17  Siege Tank  
  171  8:26  Siege Tank x2  
  177  8:36  Supply Depot  
  177  8:37  Supply Depot  
  177  8:42  Sensor Tower  
  177  8:48  Hellion x2  
  181  8:58  Siege Tank, Hellion x2  
  184  9:07  Siege Tank x2  
  190  9:13  Armory  
  190  9:16  Supply Depot  
  190  9:30  Factory  
  193  9:32  Factory  
  193  9:33  Factory  
Show
View Real Time Build Order
Export as new Build Order

A.I. 1 (Very Easy) Zerg - Winner!

Build Orders: Pool First 

Get SALT Encoding   

  12  0:01  Drone  
  13  0:12  Overlord  
  13  0:16  Drone  
  14  0:35  Spawning Pool  
  14  0:36  Extractor  
  14  0:40  Drone  
  13  0:47  Drone  
  14  0:53  Overlord  
  14  1:23  Queen  
  14  1:24  Zergling x2  
  17  1:34  Roach Warren  
  17  1:37  Drone  
  17  1:41  Extractor  
  17  1:46  Drone  
  17  1:51  Zergling x2  
  18  2:03  Drone  
  19  2:10  Drone  
  20  2:18  Zergling x2  
  20  2:20  Drone  
  22  2:30  Overlord  
  22  2:33  Drone  
  23  2:40  Drone  
  24  2:45  Roach  
  24  2:47  Drone  
  27  4:05  Zergling x2  
  27  6:18  Zergling x2  
  28  6:20  Drone  
  25  6:27  Drone  
  24  6:34  Drone  
  25  6:45  Zergling x2  
  26  7:12  Zergling x2  
  27  7:18  Drone, Lair  
  27  7:19  Overlord  
  28  7:25  Drone  
  28  7:26  Hatchery  
  28  7:32  Drone  
  28  7:40  Drone  
  28  7:41  Roach  
  28  8:16  Overseer x2, Roach  
  30  8:39  Drone  
  31  8:46  Drone  
  32  8:50  Extractor  
  32  8:51  Roach  
  32  8:52  Extractor  
  32  8:53  Drone  
  33  9:01  Drone  
  34  9:08  Drone  
  35  9:15  Drone  
  36  9:22  Drone  
  37  9:29  Drone  
  38  9:37  Drone  
Tags
 
Add a new tag
Caveats
  • Supply blocks, unpowered buildings, or Contaminate may cause inaccurate times.
  • Supply counts are checked every 10 seconds.